 Dungeon Crawl Stone Soup version 0.21.1-1-g345015fe64 (webtiles) character file.

16543 Ivernyr the Nimble (level 12, -11/91 HPs)
             Began as a Gnoll Arcane Marksman on Mar 20, 2018.
             Was a High Priest of Okawaru.
             Mangled by a crocodile (12 damage)
             ... on level 2 of the Lair of Beasts.
             The game lasted 01:42:25 (18764 turns).

Ivernyr the Nimble (Gnoll Arcane Marksman)         Turns: 18764, Time: 01:42:25

Health: -11/91     AC:  2    Str: 18    XL:     12   Next: 38%
Magic:  12/23      EV: 21    Int: 17    God:    Okawaru [*****.]
Gold:   702        SH:  8    Dex: 30    Spells: 7/26 levels left

rFire    . . .     SeeInvis .   S - +0 falchion (elec)
rCold    . . .     Gourm    .   m - +0 buckler
rNeg     . . .     Faith    .   C - +1 leather armour of the Frog {*Corrode MR+ Stlth+} (curse)
rPois    .         Spirit   .   Q - +2 helmet of Failure {rElec Int+2 Dex+4}
rElec    +         Reflect  .   l - +0 cloak
rCorr    .         Harm     .   (no gloves)
MR       +....                  L - +0 pair of boots
Stlth    +++++.....             (no amulet)
HPRegen  0.25/turn              e - +5 ring of strength
MPRegen  0.18/turn              B - +5 ring of dexterity

@: corroded
A: distributed training, fangs 1, strong nose
a: Heroism, Finesse, Renounce Religion


You were on level 2 of the Lair of Beasts.
You worshipped Okawaru.
Okawaru was extremely pleased with you.
You were hungry.

You visited 2 branches of the dungeon, and saw 13 of its levels.

You collected 702 gold pieces.

Inventory:

Hand Weapons
 c - a +2 spear of freezing
 I - a +0 dagger of protection
 P - a +0 blowgun
 S - a +0 falchion of electrocution (weapon)
Missiles
 d - 3 throwing nets (quivered)
 n - 43 poisoned needles
 M - 4 javelins
 O - 7 tomahawks
Armour
 l - a +0 cloak (worn)
 m - a +0 buckler (worn)
 C - the cursed +1 leather armour of the Frog (worn) {*Corrode MR+ Stlth+}
   (You found it on level 6 of the Dungeon)

   It affects your resistance to hostile enchantments.
   It may corrode you when you take damage.
   It makes you more stealthy.
   It has a curse placed upon it.
 L - a +0 pair of boots (worn)
 Q - the +2 helmet of Failure (worn) {rElec Int+2 Dex+4}
   (You found it on level 9 of the Dungeon)

   It affects your intelligence (+2).
   It affects your dexterity (+4).
   It insulates you from electricity.
Jewellery
 e - a +5 ring of strength (left hand)
 h - an uncursed ring of protection from magic
 i - an uncursed ring of wizardry
 u - an uncursed ring of positive energy
 B - a +5 ring of dexterity (right hand)
 J - an uncursed ring of flight
 T - an uncursed ring of see invisible
 V - a +3 ring of evasion
Wands
 o - a wand of polymorph (32)
 q - a wand of enslavement (8)
 v - a wand of flame (21)
 E - a wand of digging (18)
 K - a wand of iceblast (13)
 W - a wand of clouds (6)
 X - a wand of disintegration (9)
Scrolls
 a - 2 scrolls of fear
 b - a scroll of noise {unknown}
 g - 7 scrolls of teleportation
 j - 3 scrolls of amnesia
 k - 3 scrolls of enchant armour
 t - 6 scrolls of remove curse
 w - a scroll of immolation {unknown}
 y - a scroll of enchant weapon {unknown}
 F - 3 scrolls of magic mapping
 H - 2 scrolls of vulnerability
 N - a scroll of fog {unknown}
 U - 2 scrolls of blinking {unknown}
 Z - a scroll of acquirement {unknown}
Potions
 p - 3 potions of lignification {unknown}
 r - 6 potions of flight
 s - 4 potions of cancellation
 x - a potion of resistance {unknown}
 z - 4 potions of curing
 A - 2 potions of heal wounds {unknown}
 D - a potion of berserk rage {unknown}
 G - a potion of haste {unknown}
 Y - a potion of magic {unknown}
Comestibles
 f - 21 rations


   Skills:
 + Level 7.6 Fighting
 + Level 7.1 Short Blades
 + Level 7.1 Long Blades
 + Level 7.1 Axes
 + Level 7.1 Maces & Flails
 + Level 7.1 Polearms
 + Level 7.1 Staves
 + Level 7.1 Slings
 + Level 7.1 Bows
 + Level 7.1 Crossbows
 + Level 8.5 Throwing
 + Level 7.1 Armour
 + Level 8.5 Dodging
 + Level 7.1 Stealth
 + Level 7.1 Shields
 + Level 7.1 Unarmed Combat
 + Level 7.7 Spellcasting
 + Level 5.9 Conjurations
 + Level 8.1 Hexes
 + Level 5.9 Charms
 + Level 5.9 Summonings
 + Level 5.9 Necromancy
 + Level 5.9 Translocations
 + Level 5.9 Transmutations
 + Level 5.9 Fire Magic
 + Level 5.9 Ice Magic
 + Level 5.9 Air Magic
 + Level 5.9 Earth Magic
 + Level 5.9 Poison Magic
 + Level 7.8 Invocations
 + Level 7.1 Evocations


You had 7 spell levels left.
You knew the following spells:

 Your Spells              Type           Power        Failure   Level  Hunger
a - Corona                Hex            ####...      1%          1    None
b - Portal Projectile     Hex/Tloc       ####..       1%          3    #......
c - Cause Fear            Hex            ####......   4%          4    ###....
d - Shroud of Golubria    Chrm/Tloc      ####......   1%          2    None
e - Song of Slaying       Chrm           ####....     1%          2    None
f - Regeneration          Chrm/Necr      ####......   3%          3    #......
g - Leda's Liquefaction   Hex/Erth       ####......   7%          4    ###....


Dungeon Overview and Level Annotations

Branches:
Dungeon (10/15)            Temple (0/1) D:6            Lair (3/6) D:9
  Swamp (0/4) Lair:2        Snake (0/4) Lair:2          Orc (0/2) D:9

Altars:
Cheibriados
Dithmenos
Gozag
Hepliaklqana
Kikubaaqudgha
Okawaru
Qazlal
Sif Muna
Wu Jian
The Shining One

Shops:
D:4 (   D:10 (


Innate Abilities, Weirdness & Mutations

Your experience applies equally to all skills.
You have very sharp teeth.
Your uncanny sense of smell can sniff out nearby items.


Message History

You hit the crocodile but do no damage.
The crocodile is lightly wounded.
You block the crocodile's attack.
You barely miss the crocodile.
The crocodile is lightly wounded.
The crocodile misses you.
You riposte.
You closely miss the crocodile.
The crocodile is lightly wounded.
Your unstable footing causes you to fumble your attack.
The crocodile bites you!
* * * LOW HITPOINT WARNING * * *
You hit the crocodile but do no damage.
You bite the crocodile, but do no damage.
The crocodile is lightly wounded.
The crocodile bites you!
* * * LOW HITPOINT WARNING * * *
The ground is no longer liquid beneath you.
The crocodile bites you!
* * * LOW HITPOINT WARNING * * *
The crocodile bites you!
You die...

....####.#.......P##...#.....##..
....PP.#...≈.....##...##.........
.........♣≈§§♣≈..##....+.....P##.
....###.≈≈≈≈§§♣.......#..........
.......♣≈≈≈§§≈≈♣≈......#.......#.
....##♣♣§≈§§§≈≈♣♣#.P...#.....###.
....##.≈♣≈§≈≈≈≈♣♣##..#.......##.#
....###.♣§§§≈≈≈................#.
..........≈≈≈≈..@................
...(..........>t.................
.................................
.................................
..............................#P.
.................................
....##.#.........##..#..P#..#....
...#.#...##.....#...###.##.......
.........##.............##.......


You could see a crocodile.

Vanquished Creatures
  2 hydras (Lair:1)
  A two-headed ogre (D:9)
  3 death yaks
  Maurice (D:7)
  A black mamba (Lair:1)
  A spiny frog (Lair:1)
  A komodo dragon (D:9)
  A troll (D:9)
  Grinder (D:5)
  2 hippogriffs
  A wyvern (D:9)
  2 basilisks
  18 yaks
  2 porcupines
  13 water moccasins
  5 orc warriors (D:9)
  2 sky beasts
  A black bear (D:7)
  An eye of draining (D:10)
  8 ogres
  2 phantoms
  3 ice beasts
  5 centaurs
  4 crocodiles
  5 big kobolds (D:9)
  17 bullfrogs
  3 gnoll sergeants (D:9)
  A wyvern zombie (D:5)
  4 scorpions
  5 killer bees (D:10)
  3 howler monkeys (D:8)
  2 electric eels
  A crimson imp (D:10)
  A bullfrog zombie (D:7)
  A jelly (D:9)
  3 bullfrog skeletons
  2 hounds
  5 iguanas
  4 orc wizards
  2 centaur skeletons
  Ijyb (D:3)
  10 worker ants
  A killer bee zombie (D:8)
  A hound skeleton (D:8)
  A howler monkey zombie (D:5)
  10 gnolls
  12 adders
  2 howler monkey skeletons
  2 shadow imps
  2 oozes
  2 adder zombies
  2 adder skeletons
  4 leopard geckos
  32 orcs
  3 ball pythons
  2 bat zombies (D:1)
  A giant cockroach (D:3)
  8 goblins
  8 hobgoblins
  5 jackals
  3 quokkas
  9 bats
  A frilled lizard (D:3)
  A jackal zombie (D:7)
  10 kobolds
  A leopard gecko zombie (D:8)
  11 rats
285 creatures vanquished.

Vanquished Creatures (others)
  2 fungi
  2 plants
4 creatures vanquished.

Grand Total: 289 creatures vanquished

Notes
Turn   | Place    | Note
-------+----------+-------------------------------------------
     0 | D:1      | Ivernyr the Gnoll Arcane Marksman began the quest for the Orb.
     0 | D:1      | Reached XP level 1. HP: 17/17 MP: 4/4
   238 | D:1      | Reached XP level 2. HP: 14/23 MP: 3/5
   772 | D:1      | Reached XP level 3. HP: 18/28 MP: 5/7
  1170 | D:2      | Found an ornate altar of the Wu Jian Council.
  1241 | D:2      | Reached skill level 1 in Short Blades
  1241 | D:2      | Reached skill level 1 in Long Blades
  1241 | D:2      | Reached skill level 1 in Axes
  1241 | D:2      | Reached skill level 1 in Maces & Flails
  1241 | D:2      | Reached skill level 1 in Polearms
  1241 | D:2      | Reached skill level 1 in Staves
  1241 | D:2      | Reached skill level 1 in Slings
  1241 | D:2      | Reached skill level 1 in Bows
  1241 | D:2      | Reached skill level 1 in Crossbows
  1241 | D:2      | Reached skill level 1 in Armour
  1241 | D:2      | Reached skill level 1 in Stealth
  1241 | D:2      | Reached skill level 1 in Shields
  1241 | D:2      | Reached skill level 1 in Unarmed Combat
  1241 | D:2      | Reached skill level 1 in Invocations
  1241 | D:2      | Reached skill level 1 in Evocations
  1241 | D:2      | Reached XP level 4. HP: 10/34 MP: 6/8
  1902 | D:2      | Reached skill level 1 in Conjurations
  1902 | D:2      | Reached skill level 1 in Charms
  1902 | D:2      | Reached skill level 1 in Summonings
  1902 | D:2      | Reached skill level 1 in Necromancy
  1902 | D:2      | Reached skill level 1 in Translocations
  1902 | D:2      | Reached skill level 1 in Transmutations
  1902 | D:2      | Reached skill level 1 in Fire Magic
  1902 | D:2      | Reached skill level 1 in Ice Magic
  1902 | D:2      | Reached skill level 1 in Air Magic
  1902 | D:2      | Reached skill level 1 in Earth Magic
  1902 | D:2      | Reached skill level 1 in Poison Magic
  2820 | D:3      | Reached XP level 5. HP: 39/40 MP: 9/9
  2865 | D:3      | Learned a level 3 spell: Portal Projectile
  2996 | D:3      | Found a glowing golden altar of the Shining One.
  3529 | D:3      | Noticed Ijyb
  3541 | D:3      | Killed Ijyb
  3763 | D:4      | Reached XP level 6. HP: 46/47 MP: 8/10
  4062 | D:4      | Found Ulaek's Weapon Emporium.
  4134 | D:4      | Found a snail-covered altar of Cheibriados.
  4220 | D:4      | Found a deep blue altar of Sif Muna.
  4224 | D:4      | Found a hazy altar of Hepliaklqana.
  4373 | D:5      | Entered Level 5 of the Dungeon
  4396 | D:5      | Reached skill level 5 in Throwing
  4396 | D:5      | Reached skill level 5 in Dodging
  5060 | D:5      | Reached XP level 7. HP: 41/52 MP: 12/12
  5156 | D:5      | Found an ancient bone altar of Kikubaaqudgha.
  5156 | D:5      | Found an iron altar of Okawaru.
  5157 | D:5      | Found a stormy altar of Qazlal.
  5171 | D:5      | Found a shadowy altar of Dithmenos.
  5177 | D:5      | Became a worshipper of Warmaster Okawaru
  5255 | D:5      | Noticed Grinder
  5280 | D:5      | Killed Grinder
  5586 | D:5      | Reached * piety under Okawaru
  6945 | D:6      | Reached XP level 8. HP: 60/60 MP: 14/14
  7562 | D:6      | Got a shimmering leather armour
  7573 | D:6      | Identified the cursed +1 leather armour of the Frog {*Corrode MR+ Stlth+} (You found it on level 6 of the Dungeon)
  7601 | D:6      | Found a staircase to the Ecumenical Temple.
  8649 | D:7      | Reached ** piety under Okawaru
  8767 | D:7      | Learned a level 4 spell: Cause Fear
  8796 | D:7      | Reached XP level 9. HP: 51/66 MP: 16/16
  8918 | D:7      | Learned a level 2 spell: Shroud of Golubria
  8921 | D:7      | Learned a level 2 spell: Song of Slaying
  8925 | D:7      | Learned a level 3 spell: Regeneration
  9310 | D:7      | Reached skill level 5 in Spellcasting
  9879 | D:8      | Noticed Maurice
  9969 | D:7      | Killed Maurice
  9969 | D:7      | Reached skill level 5 in Fighting
 10479 | D:8      | Reached *** piety under Okawaru
 10479 | D:8      | Reached skill level 5 in Invocations
 10715 | D:8      | Reached XP level 10. HP: 64/74 MP: 18/18
 10755 | D:8      | Found an opulent altar of Gozag.
 11449 | D:9      | Got an ichor-stained helmet
 11460 | D:9      | Identified the +2 helmet of Failure {rElec Int+2 Dex+4} (You found it on level 9 of the Dungeon)
 11672 | D:9      | Found a staircase to the Lair.
 11827 | D:9      | Reached skill level 5 in Short Blades
 11827 | D:9      | Reached skill level 5 in Long Blades
 11827 | D:9      | Reached skill level 5 in Axes
 11827 | D:9      | Reached skill level 5 in Maces & Flails
 11827 | D:9      | Reached skill level 5 in Polearms
 11827 | D:9      | Reached skill level 5 in Staves
 11827 | D:9      | Reached skill level 5 in Slings
 11827 | D:9      | Reached skill level 5 in Bows
 11827 | D:9      | Reached skill level 5 in Crossbows
 11827 | D:9      | Reached skill level 5 in Armour
 11827 | D:9      | Reached skill level 5 in Stealth
 11827 | D:9      | Reached skill level 5 in Shields
 11827 | D:9      | Reached skill level 5 in Unarmed Combat
 11827 | D:9      | Reached skill level 5 in Evocations
 12015 | D:9      | Noticed a two-headed ogre
 12071 | D:9      | Killed a two-headed ogre
 12071 | D:9      | Reached **** piety under Okawaru
 12558 | D:9      | Found a staircase to the Orcish Mines.
 12943 | D:9      | Received a gift from Okawaru
 13079 | D:9      | Received a gift from Okawaru
 13984 | D:10     | Entered Level 10 of the Dungeon
 13989 | D:10     | Reached XP level 11. HP: 82/82 MP: 20/20
 14121 | D:9      | Reached ***** piety under Okawaru
 14124 | D:9      | Received a gift from Okawaru
 14666 | D:10     | Found Toishrai's Antique Weapon Shop.
 14689 | D:10     | Found a glowing golden altar of the Shining One.
 15061 | Lair:1   | Entered Level 1 of the Lair of Beasts
 15075 | Lair:1   | Reached skill level 5 in Conjurations
 15075 | Lair:1   | Reached skill level 5 in Charms
 15075 | Lair:1   | Reached skill level 5 in Summonings
 15075 | Lair:1   | Reached skill level 5 in Necromancy
 15075 | Lair:1   | Reached skill level 5 in Translocations
 15075 | Lair:1   | Reached skill level 5 in Transmutations
 15075 | Lair:1   | Reached skill level 5 in Fire Magic
 15075 | Lair:1   | Reached skill level 5 in Ice Magic
 15075 | Lair:1   | Reached skill level 5 in Air Magic
 15075 | Lair:1   | Reached skill level 5 in Earth Magic
 15075 | Lair:1   | Reached skill level 5 in Poison Magic
 15096 | Lair:1   | Noticed a four-headed hydra
 15552 | Lair:1   | Killed a four-headed hydra
 15994 | D:9      | Received a gift from Okawaru
 16615 | Lair:1   | Found a snail-covered altar of Cheibriados.
 16718 | Lair:1   | Noticed a five-headed hydra
 16746 | Lair:1   | Killed a five-headed hydra
 17127 | Lair:2   | Found a staircase to the Swamp.
 17210 | Lair:2   | Received a gift from Okawaru
 17215 | Lair:2   | Found a staircase to the Snake Pit.
 17454 | Lair:1   | Reached XP level 12. HP: 91/91 MP: 21/23
 18021 | Lair:2   | Learned a level 4 spell: Leda's Liquefaction
 18586 | Lair:3   | Noticed a death yak
 18590 | Lair:3   | Noticed a death yak
 18590 | Lair:3   | Noticed a death yak
 18591 | Lair:3   | Noticed a death yak
 18592 | Lair:3   | Noticed a death yak
 18603 | Lair:3   | Killed a death yak
 18652 | Lair:3   | Killed a death yak
 18746 | Lair:2   | Killed a death yak
 18764 | Lair:2   | HP: 1/91 [crocodile (9)]
 18764 | Lair:2   | Mangled by a crocodile

Skill      XL: |  1  2  3  4  5  6  7  8  9 10 11 12 |
---------------+-------------------------------------+-----
Short Blades   | 1 2 3 4 5 6 7 |  7.1
Long Blades    | 1 2 3 4 5 6 7 |  7.1
Axes           | 1 2 3 4 5 6 7 |  7.1
Maces & Flails | 1 2 3 4 5 6 7 |  7.1
Polearms       | 1 2 3 4 5 6 7 |  7.1
Staves         | 1 2 3 4 5 6 7 |  7.1
Slings         | 1 2 3 4 5 6 7 |  7.1
Bows           | 1 2 3 4 5 6 7 |  7.1
Crossbows      | 1 2 3 4 5 6 7 |  7.1
Armour         | 1 2 3 4 5 6 7 |  7.1
Stealth        | 1 2 3 4 5 6 7 |  7.1
Shields        | 1 2 3 4 5 6 7 |  7.1
Unarmed Combat | 1 2 3 4 5 6 7 |  7.1
Invocations    | 1 2 3 4 5 6 7 |  7.8
Evocations     | 1 2 3 4 5 6 7 |  7.1
Spellcasting   | 3 4 5 6 7 |  7.7
Conjurations   | 1 2 3 4 5 |  5.9
Charms         | 1 2 3 4 5 |  5.9
Summonings     | 1 2 3 4 5 |  5.9
Necromancy     | 1 2 3 4 5 |  5.9
Translocations | 1 2 3 4 5 |  5.9
Transmutations | 1 2 3 4 5 |  5.9
Fire Magic     | 1 2 3 4 5 |  5.9
Ice Magic      | 1 2 3 4 5 |  5.9
Air Magic      | 1 2 3 4 5 |  5.9
Earth Magic    | 1 2 3 4 5 |  5.9
Poison Magic   | 1 2 3 4 5 |  5.9
Fighting       | 3 4 5 6 7 |  7.6
Throwing       | 5 6 7 8 |  8.5
Dodging        | 5 6 7 8 |  8.5
Hexes          | 6 7 8 |  8.1

Action                   |  1- 3 |  4- 6 |  7- 9 | 10-12 || total
-------------------------+-------+-------+-------+-------++-------
Melee: Unarmed           |    22 |       |       |       ||    22
       Club              |    72 |    27 |       |       ||    99
       Bite              |     8 |    28 |    78 |   158 ||   272
       Flail             |       |    16 |       |       ||    16
       Short sword       |       |   131 |   354 |   151 ||   636
       Punch             |       |     2 |     8 |       ||    10
       Falchion          |       |       |       |   361 ||   361
       Dagger            |       |       |       |   102 ||   102
       Spear             |       |       |       |    37 ||    37
 Fire: Blowgun           |       |       |       |    92 ||    92
Throw: Javelin           |       |     3 |    12 |     7 ||    22
       Throwing net      |       |       |     1 |     4 ||     5
 Cast: Corona            |    27 |    31 |    36 |    48 ||   142
       Portal Projectile |       |       |       |     1 ||     1
       Regeneration      |       |       |       |     3 ||     3
       Leda's Liquefacti |       |       |       |     2 ||     2
       Cause Fear        |       |       |       |     1 ||     1
       Shroud of Golubri |       |       |       |     1 ||     1
       Song of Slaying   |       |       |       |     1 ||     1
Invok: Heroism           |       |       |       |     3 ||     3
       Finesse           |       |       |       |     1 ||     1
  Use: Scroll            |       |       |     8 |     7 ||    15
 Stab: Sleeping          |     2 |     6 |    21 |    25 ||    54
       Held in net/web   |       |       |     1 |     4 ||     5
  Eat: Chunk             |     1 |     6 |     8 |    22 ||    37
       Ration            |       |     2 |     3 |     1 ||     6
Armor: Robe              |    20 |    21 |    10 |       ||    51
       Leather armour    |       |       |    37 |    82 ||   119
Dodge: Dodged            |    79 |   115 |   250 |   422 ||   866
Block: Buckler           |       |       |    25 |   181 ||   206
       Rpst.: Falchion   |       |       |       |    94 ||    94
